[Event "29th Bosnjaci Open 2025"]
[Site "Bosnjaci"]
[Date "2025.01.04"]
[Round "2.16"]
[White "Gal, Andrej"]
[Black "Baturina, Marin"]
[Result "1-0"]
[ECO "E09"]
[WhiteElo "2256"]
[BlackElo "1976"]
[Annotator "TA"]
[PlyCount "95"]
[EventDate "2025.01.04"]
[EventType "swiss"]
[EventCountry "CRO"]
[SourceTitle "playchess.com"]
[Source "ChessBase"]
[SourceQuality "1"]
[TimeControl "5400+30"]

1. d4 d5 2. c4 c6 3. Nf3 Nf6 4. Qc2 e6 5. g3 Be7 6. Bg2 Nbd7 7. O-O O-O 8. b3 b6 9. Bb2 Bb7 10. Nc3 Rc8 11. e4 Nxe4 12. Nxe4 dxe4 13. Qxe4 Rc7 14. Rad1 Bf6 15. Qe2 Qa8 16. Bc1 (16. Nd2 $14) 16... Re8 ({Black should try} 16... c5 $11) 17. Bf4 $14 Rcc8 18. b4 {[%emt 0:01:39] White is more active.} (18. c5 $14) 18... a5 19. a3 $36 {[%emt 0:02:36][%mdl 2048] Black is under pressure.} Nf8 20. Ne5 Bxe5 ({Much worse is} 20... c5 $6 21. Bxb7 Qxb7 22. dxc5 axb4 23. axb4 $16 (23. c6 Qa8 $14)) 21. Bxe5 Ng6 {[%emt 0:00:34] Black is weak on the dark squares} 22. Rfe1 c5 {[%emt 0:02:23] White leaves nothing to chance now.} (22... axb4 $14 23. axb4 Nxe5) 23. Bxb7 $16 Qxb7 24. dxc5 Nxe5 25. Qxe5 axb4 26. axb4 bxc5 {[%emt 0:00:10] [#]} 27. b5 ({Stronger than} 27. bxc5 Qa7 $11) 27... Qc7 28. Qe4 Red8 (28... g6 $142 29. Rd3 Rcd8) 29. Rxd8+ $18 Rxd8 {[%emt 0:00:04][%mdl 4096] Endgame. KQR-KQR} 30. Ra1 Qb8 31. Qc6 Rc8 {[%emt 0:02:33] Dodges b6} 32. Qd7 {[%emt 0:00:33][%cal Ob5b6] [#] b6! is the strong threat.} Rf8 33. Rd1 g6 34. Qd6 Qxd6 (34... Rc8 {keeps fighting.} 35. Qxb8 Rxb8) 35. Rxd6 {[%emt 0:00:03] KR-KR} Rb8 36. Rc6 Kf8 37. Rxc5 Rb7 38. Kg2 Ke7 39. Kf3 f5 (39... Ra7 $142 40. Ke4 Kd6 41. Rc6+ Ke7) 40. Ke3 Kf6 41. Rc6 g5 42. b6 Ke7 43. c5 Rd7 44. Rc8 {[%emt 0:01:50] c6 would now be deadly.} Rb7 45. Kd4 Kd7 46. Ra8 {[%emt 0:02:00] Black must now prevent Ra7.} Kc6 47. Ra7 {[%emt 0:00:15] And now Rxb7 would win.} Rxa7 48. bxa7 {[%emt 0:00:02] Weighted Error Value: White=0.09 (flawless) /Black=0.57.  Mistake:       	White=2     	Black=5      Inaccurate:     	---       	Black=4      OK:         	White=14    	Black=11     Best:        	White=2     	---} 1-0

[Event "29th Bosnjaci Open 2025"]
[Site "Bosnjaci"]
[Date "2025.01.04"]
[Round "2.17"]
[White "Ilijas, Dejan"]
[Black "Glavas, Dragan"]
[Result "0-1"]
[ECO "C00"]
[WhiteElo "1974"]
[BlackElo "2251"]
[Annotator "TA"]
[PlyCount "64"]
[EventDate "2025.01.04"]
[EventType "swiss"]
[EventCountry "CRO"]
[SourceTitle "playchess.com"]
[Source "ChessBase"]
[SourceQuality "1"]
[TimeControl "5400+30"]

1. e4 e6 2. c4 d5 3. cxd5 exd5 4. Qb3 dxe4 5. Bc4 Qe7 6. Nc3 Nf6 7. d3 exd3+ 8. Be3 {[%emt 0:00:03][%cal Og1f3] [#]} d2+ $1 9. Kf1 Nbd7 10. Nf3 $1 Nb6 11. Bxb6 $1 axb6 12. Nxd2 {[%emt 0:00:09] Re1 is the strong threat.} Be6 13. Re1 O-O-O 14. Bxe6+ fxe6 15. Rxe6 {[%emt 0:06:46] [#]} (15. Nf3 $15) 15... Qb4 (15... Qd7 $1 $17 16. Nf3 Bb4) 16. Re2 Qxb3 17. Nxb3 Bb4 18. g3 Bxc3 19. bxc3 Rd3 20. c4 {[%emt 0:05:24] [#]} Rc3 $1 21. Nd2 (21. Re7 $142) 21... Rd8 $17 22. Ne4 Rxc4 {[%emt 0:03:53] Black is more active.} 23. Nxf6 gxf6 {[%emt 0:00:08][%mdl 4096] Endgame KRR-KRR. Black is a pawn up.} 24. Kg2 c5 (24... c6 $17) 25. Rhe1 (25. Rb1 $11 {remains equal.}) 25... Rcd4 26. Re7 R8d7 27. R1e6 $2 (27. R7e6 $17) 27... Rxe7 $19 28. Rxe7 c4 29. Kf3 (29. Rxh7 $2 c3 30. Rh8+ Kc7 31. Rh7+ Rd7 $19 (31... Kc6 $2 32. Rh8 $19)) 29... h5 ({Better is} 29... b5 $19 {aiming for ...Rd3+.} 30. a3 h5) 30. Re6 $2 (30. a4 $17) 30... b5 31. Rxf6 $2 (31. a3 Kc7 32. Re3) 31... c3 32. Rf5 Rc4 0-1

[Event "29th Bosnjaci Open 2025"]
[Site "Bosnjaci"]
[Date "2025.01.04"]
[Round "2.18"]
[White "Ekmescic, Tarik"]
[Black "Jusup, Matej"]
[Result "1-0"]
[ECO "B23"]
[WhiteElo "1967"]
[BlackElo "2238"]
[Annotator "TA"]
[PlyCount "57"]
[EventDate "2025.01.04"]
[EventType "swiss"]
[EventCountry "CRO"]
[SourceTitle "playchess.com"]
[Source "ChessBase"]
[SourceQuality "1"]
[TimeControl "5400+30"]

1. e4 c5 2. Nc3 d6 3. d4 cxd4 4. Qxd4 a6 5. b3 Nc6 6. Qd2 Nf6 7. Bb2 e6 8. O-O-O {[%emt 0:04:24] The position is equal.} Be7 9. f4 O-O 10. Nf3 Qc7 11. Bd3 Rd8 12. g4 d5 $1 13. exd5 {[%emt 0:08:35] [#]} Bd6 14. Ne2 (14. dxc6 $2 Bxf4 15. Rhg1 (15. Bxh7+ $2 Nxh7 16. Ne4 Rxd2 $19) 15... Rxd3 (15... Bxd2+ $2 16. Rxd2 bxc6 17. g5 $19) 16. cxd3 Bxd2+ 17. Nxd2 Nd5 $19 (17... bxc6 $2 18. Rdf1 $19) (17... Qxh2 $2 18. g5 $19) (17... Qxc6 $2 18. Kb1 $19)) ({Better is} 14. Kb1 $14 Bxf4 15. Qf2 exd5 16. Qh4 Bxg4 (16... Nxg4 $2 17. Qxh7+ Kf8 18. Ba3+ $18) 17. Bxh7+ Nxh7 18. Qxg4) 14... Nxd5 $11 15. f5 Bc5 {[%emt 0:05:34] Hoping for ...Be3.} 16. Kb1 $1 {[%emt 0:04:33][%cal Of5f6] aiming for f6!} Be3 (16... exf5 $11 17. gxf5 Bb6 (17... Be3 18. Qe1 $16)) 17. Qe1 $16 Nce7 $2 (17... exf5 $16 {keeps fighting.} 18. gxf5 Bb6) 18. Ned4 {[%emt 0:06:15] Strongly threatening fxe6.} e5 {[%emt 0:01:07] [#]} 19. Ne2 (19. Nxe5 $1 $18 {Ndf3 would now be deadly.} Bf4 (19... Qxe5 $2 20. Ne6 $18) 20. Nxf7 Kxf7 21. Qe4) 19... f6 20. Nc3 (20. c4 Nf4 21. Nxf4 Bxf4 $11) 20... Nxc3+ 21. Bxc3 Bc5 $2 (21... Bf4 $14) 22. Bc4+ Kh8 $2 (22... Kf8 23. Rxd8+ Qxd8) 23. Rxd8+ $18 Qxd8 {[%emt 0:00:01] [#]} 24. Nxe5 $1 fxe5 (24... Qc7 25. Nf7+) 25. Qxe5 Qf8 26. Qxc5 (26. f6 $142 Qf7 27. Bxf7 h6 28. fxg7+ (28. fxe7 Bd4 29. e8=Q+ Kh7 30. Qg8#) 28... Kh7 29. g8=B+ Nxg8 30. Qh8#) 26... b5 27. Bd5 (27. f6 $142 gxf6 28. Qg5 bxc4 29. Bxf6+ Qxf6 30. Qxf6+ Kg8 31. Rf1 (31. Qxe7 Bb7 32. Rf1 Bd5 33. Qg5+ Kh8 34. Qe5+ Kg8 35. Qxd5+ Kh8 36. Qxa8+ Kg7 37. Qf8+ Kg6 38. Qf6#) 31... Bxg4 32. Qf7+ (32. Qxe7 Bh5 33. Qe6+ Kh8 34. Qe5+ Kg8 35. Qxh5 Kh8 36. Rg1 Rg8 37. Qe5+ Rg7 38. Qxg7#) 32... Kh8 33. Qxe7) 27... Bxf5 {[%emt 0:01:19] Black is weak on the dark squares} 28. Bxa8 Qxa8 29. Re1 {[%emt 0:00:12] Weighted Error Value: White=0.27 (precise) /Black=0.89.  Loses game:     	---       	Black=2      Mistake:       	White=2     	Black=3      Inaccurate:     	White=2     	Black=1      OK:         	White=5     	Black=8      Best:        	White=2     	Black=2      Strong:       	White=1     	Black=1} (29. Qxe7 $142 Bxc2+ 30. Kb2 Qg8 31. Rf1 (31. Kxc2 h6 32. Rf1 b4 33. Qxb4 Qh7+ 34. Kc1 Qg6 35. Qf8+ Kh7 36. Rf7 Qg5+ 37. Kb2 h5 38. Rxg7+ Kh6 39. Qh8#) 31... Bf5 32. Rxf5 (32. gxf5 b4 33. Be5 h6 34. Rg1 h5 35. Rxg7 Qxb3+ 36. axb3 a5 37. Rg6#) 32... h6 33. Rf8 Kh7 34. Rxg8 Kxg8 35. Qxg7#) 1-0

[Event "29th Bosnjaci Open 2025"]
[Site "Bosnjaci"]
[Date "2025.01.04"]
[Round "2.19"]
[White "Sipic, Hrvoje"]
[Black "Topalic, Fran"]
[Result "0-1"]
[ECO "B12"]
[WhiteElo "2213"]
[BlackElo "1968"]
[Annotator "TA"]
[PlyCount "74"]
[EventDate "2025.01.04"]
[EventType "swiss"]
[EventCountry "CRO"]
[SourceTitle "playchess.com"]
[Source "ChessBase"]
[SourceQuality "1"]
[TimeControl "5400+30"]

1. e4 c6 2. d4 d5 3. e5 c5 4. dxc5 e6 5. Be3 Nd7 6. Nf3 Bxc5 7. Bxc5 Nxc5 8. Qd4 Nd7 9. Qg4 g6 10. Nc3 a6 {[%emt 0:00:55] Dodges Nb5} 11. O-O-O Ne7 12. Bd3 Nc6 13. Rhe1 Nc5 14. h4 b5 15. h5 b4 16. Ne2 Qa5 17. hxg6 (17. Kb1 {with more complications.} Bd7 18. Nc1 O-O-O 19. Nb3) 17... hxg6 {[%emt 0:11:42] [#]} 18. Bxg6 $2 Qxa2 (18... Bd7 $5) 19. Bxf7+ Kxf7 $17 20. Nf4 {[%emt 0:05:21] [#]} Bb7 $2 (20... Ne7 $1 $17 {and life is bright. ...Qa1+ would now be deadly.} 21. Nh5 Nf5 22. Ng5+ Kf8 23. Qxb4 Rxh5 24. Qxc5+ Ne7) 21. Qg6+ $18 Ke7 22. Qg7+ Kd8 23. Qxh8+ $2 (23. Ng5 Bc8 (23... Qa1+ $2 24. Kd2 $18) 24. Qxh8+ Kc7 25. Qh7+ Kb6 26. Nd3) 23... Kc7 24. Qh7+ Kb6 {[%emt 0:00:07] [#]} 25. Nd3 $1 Ne4 26. Rxe4 $1 dxe4 27. Qxe4 {[%emt 0:00:00] And now Qe3+ would win.} Rd8 28. Qe3+ (28. Nxb4 $2 Qa1#) 28... Kc7 29. Qc5 $2 ({White must play} 29. Nd2 $18) 29... a5 (29... Rd5 $1 $11 30. Qf8 Qa1+ 31. Kd2 Qxb2 32. Qd6+ Kb6 33. Qc5+ (33. Qxe6 Qc3+ 34. Ke3 Qc4 $15) 33... Rxc5 34. Nxb2 Ka7) 30. Kd2 (30. Nd2 $1 $14 Qa1+ 31. Nb1) 30... Rd5 $1 $11 31. Qf8 Ba6 {[%emt 0:07:56] Dancing on a razor blade.} 32. Qf7+ $2 (32. Ke3 $1 $11) 32... Rd7 $19 33. Qg6 $2 (33. Qf8 b3 (33... Qxb2 $2 {perishes.} 34. Qd6+ Rxd6 35. exd6+ Kxd6 36. Nxb2 $18) (33... Bxd3 $2 34. Ke3 $19) 34. Qc5 (34. Qa3 $2 bxc2 35. Qxa2 Rxd3+ 36. Kxc2 Nb4+ 37. Kc1 Nxa2+ 38. Kc2 Nb4+ 39. Kc1 Rxd1+ 40. Kxd1 Nd3 $19) 34... bxc2 (34... Qxb2 $2 35. Qd6+ Rxd6 36. exd6+ Kxd6 37. Nxb2 $18) 35. Kxc2 Qa4+ (35... Bxd3+ 36. Rxd3 Rxd3 37. Kxd3 $16) 36. b3 Bxd3+ 37. Kb2 (37. Rxd3 $2 Qe4 $19)) 33... Qxb2 34. Nfe1 Nxe5 35. Qxe6 Bxd3 36. Nxd3 Rxd3+ 37. Ke1 Qc3+ ({Inferior is} 37... Qxc2 38. Qxe5+ Kb6 39. Qb8+ Ka6 40. Qa8+ Kb6 (40... Kb5 41. Qb7+ Kc4 42. Qa6+ Kc3 43. Ra1 $11) 41. Qb8+ Ka6 42. Qa8+ Kb5 43. Qb7+ Kc4 44. Qa6+ (44. Rxd3 $2 Qxd3 45. f4 Qe3+ 46. Kd1 a4 $19) 44... Kc3 45. Ra1 $15 (45. Rxd3+ $2 Qxd3 46. Qc6+ Kb2 $19) (45. Qf6+ $2 Kb3 $19)) 0-1

[Event "29th Bosnjaci Open 2025"]
[Site "Bosnjaci"]
[Date "2025.01.04"]
[Round "2.20"]
[White "Kukic, Lora"]
[Black "Starcevic, Ante Leon"]
[Result "1-0"]
[ECO "A48"]
[WhiteElo "1961"]
[BlackElo "2200"]
[Annotator "TA"]
[PlyCount "47"]
[EventDate "2025.01.04"]
[EventType "swiss"]
[EventCountry "CRO"]
[SourceTitle "playchess.com"]
[Source "ChessBase"]
[SourceQuality "1"]
[TimeControl "5400+30"]

1. d4 Nf6 2. Nf3 g6 3. Bg5 Bg7 4. Nbd2 d6 5. c3 h6 6. Bh4 c5 7. dxc5 dxc5 8. e4 Nc6 {[%emt 0:01:43] The position is equal.} 9. Bc4 Nh5 10. O-O g5 11. Bg3 Nxg3 12. fxg3 O-O 13. Qe2 Qc7 14. Rae1 b6 15. e5 e6 $2 (15... g4 $11 {and Black has nothing to worry.} 16. Nh4 Nxe5 (16... Qxe5 $2 {is the wrong capture.} 17. Ng6 $16)) 16. Bd3 {[%emt 0:06:24] Hoping for Qe4.} Bb7 $2 {[%emt 0:04:50] [#] Black cannot hold the game after this.} (16... Rd8 $16 {was called for.}) 17. Qe4 $1 $18 Rfd8 18. Qh7+ Kf8 {[%emt 0:00:06] [#]} 19. Ne4 $1 Rxd3 20. Nfxg5 Nd8 (20... hxg5 21. Nxg5 Nd8 22. Rxf7+ (22. Qxd3 Qe7 $18) 22... Qxf7 23. Nxf7 Nxf7 24. Qxd3 Rd8) 21. Rxf7+ {[%emt 0:09:03] White is clearly winning.} Nxf7 (21... Qxf7 $142 22. Nxf7 Nxf7) 22. Nxe6+ Ke7 23. Nxc7 {[%emt 0:00:15] A dynamic duo of knights.} Bxe5 24. Nxa8 {[%emt 0:00:49] Weighted Error Value: White=0.45/Black=0.95.  Loses game:     	---       	Black=2      Mistake:       	---       	Black=2      Inaccurate:     	White=2     	Black=4      OK:         	White=3     	Black=3      Strong:       	White=1     	---} 1-0

[Event "29th Bosnjaci Open 2025"]
[Site "Bosnjaci"]
[Date "2025.01.04"]
[Round "3.1"]
[White "Glavas, Dragan"]
[Black "Saric, Ante"]
[Result "0-1"]
[ECO "E49"]
[WhiteElo "2251"]
[BlackElo "2483"]
[Annotator "TA"]
[PlyCount "76"]
[EventDate "2025.01.04"]
[EventType "swiss"]
[EventCountry "CRO"]
[SourceTitle "playchess.com"]
[Source "ChessBase"]
[SourceQuality "1"]
[TimeControl "5400+30"]

1. d4 Nf6 2. c4 e6 3. Nc3 Bb4 4. e3 O-O 5. Bd3 c5 6. Nge2 d5 7. a3 Bxc3+ 8. bxc3 dxc4 9. Bxc4 Qc7 10. Ba2 b6 11. O-O Ba6 12. Re1 Nc6 13. Ng3 Rfd8 14. Bb2 Na5 15. Rc1 Bc4 {[%emt 0:06:21] Black is slightly better.} 16. Bxc4 Nxc4 17. Rc2 (17. Qa4 $11 {keeps the balance.} Nxb2 18. Qb5) 17... Qc6 {[%emt 0:08:21] Black is much more active.} 18. Bc1 Qa4 19. Ra2 Qxd1 20. Rxd1 Rac8 21. e4 h6 22. f3 Nd7 {[%emt 0:07:01] Excellent horsemanship.} 23. Nf1 Nde5 24. Ra1 {[%emt 0:01:48] Black continues to play with concentration.} (24. Ne3 $15 Nxe3 (24... cxd4 25. cxd4 Nxe3 26. Bxe3 $15) 25. Bxe3) 24... cxd4 $17 25. Rxd4 Rxd4 26. cxd4 Nc6 27. Be3 (27. d5 $142 exd5 28. exd5) 27... Nxe3 28. Nxe3 Nxd4 {[%emt 0:00:02][%mdl 4096] Endgame. KRN-KRN} 29. Rd1 e5 30. Kf2 (30. Nf5 $17 {was called for.} Rc4 31. Kf2) 30... Rc3 $19 31. a4 f6 32. h4 h5 33. Nf5 Rc2+ 34. Kf1 Nxf5 35. exf5 Ra2 36. Rd8+ Kh7 37. g3 (37. f4 $142) 37... Rxa4 38. Kg2 e4 {[%emt 0:00:50] Weighted Error Value: White=0.28 (precise) /Black=0.07 (flawless) .  Mistake:       	White=5     	---        Inaccurate:     	White=2     	Black=1      OK:         	White=6     	Black=9      Best:        	---       	Black=3} 0-1

[Event "29th Bosnjaci Open 2025"]
[Site "Bosnjaci"]
[Date "2025.01.04"]
[Round "3.2"]
[White "Culum, Sanjin"]
[Black "Gal, Andrej"]
[Result "1-0"]
[ECO "B12"]
[WhiteElo "2446"]
[BlackElo "2256"]
[Annotator "TA"]
[PlyCount "91"]
[EventDate "2025.01.04"]
[EventType "swiss"]
[EventCountry "CRO"]
[SourceTitle "playchess.com"]
[Source "ChessBase"]
[SourceQuality "1"]
[TimeControl "5400+30"]

1. e4 c6 2. d4 d5 3. e5 c5 4. Nf3 cxd4 5. Qxd4 Nc6 6. Qf4 e6 7. Bd3 Nb4 8. Nc3 Bd7 9. O-O Nxd3 10. cxd3 Nh6 (10... Ne7 $11) 11. Nd4 a6 12. Re1 Ng8 13. h4 Ne7 14. h5 {[%emt 0:00:57] Inhibits Ng6.} Nc6 15. Be3 h6 16. Rac1 (16. Nxc6 $14 {deserves consideration.} Bxc6 17. Ne2) 16... Rc8 17. Nxc6 Bxc6 18. Ne2 Be7 19. Qg4 Kf8 $1 20. Nd4 Qa5 $2 (20... Bd7 $14) 21. a3 (21. f4 $1 $18 Bd7 22. f5 Rxc1 23. Rxc1 exf5 24. Nxf5) 21... Bd7 22. Rxc8+ Bxc8 23. Rc1 Bd7 24. b4 Qd8 {[%emt 0:01:58] Black is weak on the dark squares} 25. Nb3 Kg8 26. Na5 (26. Qd4 {simplifies} Qb8 27. Qa7 Qxa7 28. Bxa7 Bd8 29. Nc5) 26... Kh7 ({Better is} 26... Qb8 $14) 27. Qf4 $16 f6 28. Qg4 Qb8 $2 (28... Rg8 {is a better defense.} 29. exf6 (29. Nxb7 Qe8 $18) 29... Bxf6 (29... gxf6 30. Qf4 $18) 30. Qg6+ (30. Nxb7 Qe8 $18) 30... Kh8 31. Nxb7 Qf8) 29. exf6 (29. Ba7 $142 Qa8 (29... Qxa7 $2 30. Qg6+ Kg8 31. Rc7 $18) 30. Qg6+ (30. Rc7 Qe8 $18) 30... Kg8 31. Rc7) 29... Bxf6 $18 30. Bf4 Qe8 {[%emt 0:01:30] [#]} 31. Rc7 $1 $36 {[%emt 0:00:38][%mdl 2048] White is on the roll.} (31. Nxb7 e5 32. Qg6+ Qxg6 33. hxg6+ Kxg6 $11) 31... Bc8 {[%emt 0:02:56] [#]} 32. Qe2 $2 (32. Nxb7 $6 e5 33. Qg6+ Qxg6 34. hxg6+ Kxg6 $14) (32. Bxh6 $1 $18 e5 (32... Kxh6 $2 33. Rxc8 g5 34. Rxe8 $18) 33. Rxg7+ Kxh6 34. Qg6+ Qxg6 35. Rxg6+ Kxh5 36. Rxf6) 32... Rf8 (32... e5 $11 33. Bg3 Qe6) 33. d4 {[%emt 0:01:19] White has more active pieces.} ({White should play} 33. Nxb7 {Black must now prevent Nd6.} Bxb7 34. Rxb7) 33... Bd7 $2 (33... Kh8 $16) 34. Nxb7 Bb5 35. Qg4 Bd3 36. Be5 Bxe5 37. dxe5 Rg8 38. Nd6 {[%emt 0:00:51] Wards off Bf5} Qa4 39. Rc3 (39. Qxe6 Qd1+ 40. Kh2 Qxh5+ 41. Kg3 Qg5+ 42. Kh3 (42. Kh2 Rf8 $11) 42... Qh5+ 43. Kg3 Qg5+ 44. Kh2 Rf8 $11) 39... Bb1 40. Rg3 (40. Qxe6 Qd1+ 41. Kh2 Qxh5+ 42. Rh3 Qg5 $18) 40... Qc2 $2 {[%emt 0:00:23] Prevents Qg6+} (40... Qd7 41. Rf3 (41. Qd1 Bf5 $18) 41... Kh8) 41. Kh2 (41. Qxe6 Qd1+ 42. Kh2 Qxh5+ 43. Rh3 Qg5 $18) 41... Qxf2 42. Qxe6 {[%emt 0:00:21][%cal Oe6g6] Qg6+! would kill now.} Qf4 {[%emt 0:00:29] [#]} 43. Qg6+ $3 Bxg6 44. hxg6+ Kh8 45. Nf7+ Qxf7 46. gxf7 1-0

[Event "29th Bosnjaci Open 2025"]
[Site "Bosnjaci"]
[Date "2025.01.04"]
[Round "3.3"]
[White "Zaja, Ivan"]
[Black "Djuric, Leon"]
[Result "1-0"]
[ECO "A80"]
[WhiteElo "2418"]
[BlackElo "2145"]
[Annotator "TA"]
[PlyCount "71"]
[EventDate "2025.01.04"]
[EventType "swiss"]
[EventCountry "CRO"]
[SourceTitle "playchess.com"]
[Source "ChessBase"]
[SourceQuality "1"]
[TimeControl "5400+30"]

1. d4 f5 2. Nc3 Nf6 3. Bg5 d5 4. e3 e6 5. Nf3 Be7 6. Bd3 O-O 7. Ne2 Ne4 8. Bxe7 Qxe7 9. c3 Nd7 10. Qb3 Nb6 (10... c5 $11 11. Qa3 Re8) 11. Ne5 Bd7 12. a4 a5 13. f3 Nd6 14. O-O Qe8 15. Nxd7 Qxd7 16. Nf4 Ndc4 17. Bxc4 Nxc4 18. Rfe1 Qd6 19. Nd3 b6 20. Qc2 Qd8 21. b3 Nd6 22. c4 dxc4 23. bxc4 c5 24. dxc5 bxc5 25. Qc3 Qc8 26. Red1 Rd8 27. Nf4 Kf7 ({Black should try} 27... Qd7) 28. Rab1 $16 {[%emt 0:07:18] Hoping for Nh5. White has more active pieces.} Ra7 $2 (28... Qc6 $16 {was called for.} 29. h4 Re8) 29. Qe5 $18 Ra6 30. Nh5 Ne8 31. Rxd8 Qxd8 32. Rb7+ (32. Qxc5 Qd7 33. Nf4 Rc6 34. Qxa5 Rxc4 $11) 32... Kg6 $2 (32... Kf8 33. Nxg7 (33. Qxc5+ Qd6 $16) 33... Qd1+ 34. Kf2 Qd2+ 35. Kg3 Qd6 36. Qxd6+ Rxd6) 33. Rxg7+ (33. Nxg7 Qd1+ 34. Kf2 Qd2+ 35. Kg3 Qd6 36. Qxd6 Nxd6 $11) (33. Nf4+ Kh6 34. Qxc5 (34. Nxe6 Qd6 $16) 34... Qd1+ 35. Kf2 Rd6 $16) 33... Nxg7 34. Qxg7+ Kxh5 35. Qxh7+ Kg5 36. f4+ 1-0

[Event "29th Bosnjaci Open 2025"]
[Site "Bosnjaci"]
[Date "2025.01.04"]
[Round "3.4"]
[White "Kovacevic, Blazimir"]
[Black "Berke, Ana"]
[Result "1-0"]
[ECO "A36"]
[WhiteElo "2379"]
[BlackElo "2133"]
[Annotator "TA"]
[PlyCount "73"]
[EventDate "2025.01.04"]
[EventType "swiss"]
[EventCountry "CRO"]
[SourceTitle "playchess.com"]
[Source "ChessBase"]
[SourceQuality "1"]
[TimeControl "5400+30"]

1. Nf3 c5 2. b3 Nc6 3. Bb2 d6 4. c4 e5 5. d3 g6 6. g3 Bg7 7. Bg2 Nge7 8. Nc3 O-O 9. O-O Rb8 10. a3 a6 {[%emt 0:01:31] The position is equal.} 11. e3 h6 12. Nd2 b5 13. Qc2 Kh7 14. Nd5 Be6 15. Bc3 Qd7 16. f4 f5 17. Rae1 Rbe8 18. Kh1 Ng8 19. e4 Nd4 20. Bxd4 exd4 21. Nf3 fxe4 22. dxe4 {[%emt 0:00:21] next Nh4 is good for White.} Nf6 23. Nh4 Bf7 $1 24. Qd3 Ng4 {[%emt 0:06:04] [#]} (24... bxc4 $11 {remains equal.} 25. bxc4 Nxd5 26. cxd5 Qb5) 25. e5 $1 bxc4 (25... dxe5 26. Be4) 26. bxc4 {[%emt 0:00:08] Strongly threatening Be4.} dxe5 27. Be4 $1 (27. f5 gxf5 28. Nxf5 Kh8 $11) 27... Qd6 (27... Kh8 $16 {is a better defense.}) 28. f5 $2 (28. h3 $1 $18 ) 28... Kh8 {[%emt 0:02:24] [#]} (28... Bxd5 $11 29. Bxd5 (29. cxd5 Kg8 $11) (29. fxg6+ $2 Kh8 $17) 29... Nf6 (29... gxf5 $2 30. Rxf5 Kh8 31. Ng6+ Qxg6 32. Rxf8+ Rxf8 33. Qxg6 $18) 30. Nxg6 (30. fxg6+ Kh8 $17) 30... Rg8) 29. Qe2 (29. fxg6 Bxd5 30. cxd5 Nf2+ 31. Rxf2 Rxf2 $17) (29. h3 $1 $16 Nf6 (29... gxf5 $2 30. Nxf5 Qg6 31. Nh4 $18) 30. Nxf6 (30. fxg6 Bxd5 31. cxd5 c4 $17) (30. Nxg6+ Bxg6 31. Nxf6 Bxf5 $11) 30... Bxf6 31. fxg6 (31. Nxg6+ Bxg6 32. fxg6 Kg7 $16)) 29... gxf5 $14 30. Nxf5 Qg6 {[%emt 0:02:01] [#]} 31. Nxd4 $2 Qh5 $2 (31... exd4 $19 32. Nf4 Qxe4+ 33. Qxe4 Rxe4 34. Rxe4 Kg8 (34... Bxc4 $2 35. Ng6+ Kh7 36. Nxf8+ $19)) 32. Nf5 {[%emt 0:01:31] White has more active pieces.} (32. Nc6 $142) 32... Bg6 $16 33. Nd6 $36 {[%emt 0:01:11][%mdl 2048] Bxg6 is the strong threat. White has some pressure. Excellent horsemanship.} Qh3 $2 {[%emt 0:03:52][%mdl 8192] Black is weak on the light squares} 34. Bxg6 $18 {[%emt 0:01:27] White is clearly winning.} Rxf1+ 35. Rxf1 Rf8 (35... Nxh2 $142 36. Qg2 (36. Qxh2 Qxf1+ 37. Qg1 Qh3+ 38. Qh2 Qf1+ 39. Qg1 Qh3+ 40. Qh2 Qf1+ $11) 36... Qxg2+ 37. Kxg2 Nxf1 38. Bxe8 (38. Nxe8 Nd2 $18) 38... Nd2) 36. Rxf8+ Bxf8 37. Bf5 {[%emt 0:00:25] Weighted Error Value: White=0.46/Black=0.61.  Loses game:     	White=1     	Black=2      Missed win:     	White=1     	Black=1      Mistake:       	White=2     	Black=3      Inaccurate:     	White=2     	---        OK:         	White=8     	Black=5      Best:        	White=1     	Black=2      Strong:       	White=1     	Black=1} 1-0

[Event "29th Bosnjaci Open 2025"]
[Site "Bosnjaci"]
[Date "2025.01.04"]
[Round "3.5"]
[White "Simunic, Krunoslav"]
[Black "Muratovic, Efim"]
[Result "0-1"]
[ECO "E04"]
[WhiteElo "2122"]
[BlackElo "2322"]
[Annotator "TA"]
[PlyCount "64"]
[EventDate "2025.01.04"]
[EventType "swiss"]
[EventCountry "CRO"]
[SourceTitle "playchess.com"]
[Source "ChessBase"]
[SourceQuality "1"]
[TimeControl "5400+30"]

1. d4 Nf6 2. c4 e6 3. Nf3 d5 4. g3 dxc4 5. Bg2 Bb4+ 6. Bd2 a5 7. O-O {[%emt 0:03:58][%mdl 1024] White has compensation.} O-O 8. Bg5 b5 9. Ne5 Ra6 10. a4 c6 11. Nc3 Rb6 12. Ne4 Be7 13. axb5 (13. Qc2 {is more complex.} Nd5 14. Bxe7 Qxe7 15. Nf3) 13... cxb5 14. Rxa5 Nxe4 15. Bxe7 Qxe7 16. Bxe4 f6 17. Nf3 f5 (17... Bb7 $15 18. Qc2 Bxe4 19. Qxe4 Qb7 20. Qxb7 Rxb7) 18. Bb1 ({Better is} 18. Ba8 $11) 18... Bb7 $15 19. Ne5 Rd8 20. e3 Nd7 21. f4 Nxe5 22. fxe5 Qd7 {[%emt 0:02:09] Black is more active.} 23. Kf2 Qc6 {[%emt 0:09:47] White is weak on the light squares} 24. Qd2 {[%emt 0:01:43] [#]} (24. Qe2 $17) 24... b4 $1 $19 {[%emt 0:00:42] Hoping for ...c3.} 25. d5 (25. Qe2 $142) 25... c3 (25... Rxd5 26. Rxd5 Qxd5 27. Qxd5 Bxd5 28. e4 $15) (25... exd5 26. Qd4 $15) 26. Qd4 Rxd5 27. Rxd5 Qxd5 $40 {[%emt 0:00:20][%mdl 128] Black attacks with force.} 28. bxc3 $2 {[%emt 0:00:39] [#]} (28. Qxd5 Bxd5 29. g4) 28... bxc3 $1 29. Qxd5 Rb2+ ({Less strong is} 29... exd5 30. Bxf5 Rb2+ 31. Kg1 $17) 30. Kf3 Bxd5+ 31. e4 {[%emt 0:00:44] [#]} Rxb1 $1 32. Ke2 (32. Rf2 Bxe4+) 32... Rb2+ (32... Bc4+ $142 33. Ke3 Bxf1 (33... Rxf1 {gets mated.} 34. exf5 c2 35. Kd4 c1=Q 36. Kc5 Ba2+ 37. Kb6 Qc3 38. h3 Rb1+ 39. Ka7 Qa5#) 34. exf5 c2 35. fxe6 c1=Q+ (35... c1=R $2 36. g4 $19) 36. Ke4 Qc2+ 37. Kf3 Rb3+ (37... Qxh2 38. Ke4 Qc2+ 39. Kf3 Qe2+ 40. Kf4 Rb4+ 41. Kg5 Qxe5#) 38. Kf4 Rb4+ 39. Kg5 Qg6#) 0-1